 Dungeon Crawl Stone Soup version 0.31.0-9-g3a7656b989 (webtiles) character file.

Game seed: 100620838359326166

156 qw the Shooter (level 5, 0/27 HPs)
             Began as a Spriggan Hunter on Feb 2, 2024.
             Succumbed to a scorpion's poison
             ... on level 3 of the Dungeon.
             The game lasted 00:00:10 (2786 turns).

qw the Shooter (Spriggan Hunter)                    Turns: 2786, Time: 00:00:11

Health: 0/27       AC:  5    Str: 10    XL:     5   Next: 14%
Magic:  6/6        EV: 20    Int: 14    God:
Gold:   162        SH:  5    Dex: 21    Spells: 4/4 levels left

rFire   . . .        a - +0 shortbow (flame)
rCold   + . .        (shield currently unavailable)
rNeg    . . .        c - +0 robe
rPois   .            (helmet restricted)
rElec   .            g - +2 cloak
rCorr   .            (gloves unavailable)
SInv    +            (boots unavailable)
Will    .....        d - amulet "Vauf" {Reflect rC+ Str+3 Int+4 Slay-3 SH+5}
Stlth   ++           (no ring)
HPRegen 0.24/turn    (no ring)
MPRegen 0.10/turn

%: reflection
@: lethally poisoned (0 -> -7), very quick
A: very small, no large weapons, unfitting armour, see invisible, speed 3
a: no special abilities


You were on level 3 of the Dungeon.
You visited 1 branch of the dungeon, and saw 4 of its levels.

You collected 162 gold pieces.


Innate Abilities, Weirdness & Mutations

You are very small and have problems with some larger weapons.
You are too small for most types of armour.
You have supernaturally acute eyesight. (SInv)
You cover ground extremely quickly. (Speed+++)


   Skills:
 - Level 2.3 Fighting
 + Level 5.1 Ranged Weapons
 - Level 5.0 Dodging
 - Level 1.5 Stealth


You had 4 spell levels left.
You didn't know any spells.
Your spell library was empty.

Inventory:

Hand Weapons
 a - a +0 shortbow of flaming (weapon)
Armour
 c - a +0 robe (worn)
 g - a +2 cloak (worn)
Jewellery
 d - the amulet "Vauf" (around neck) {Reflect rC+ Str+3 Int+4 Slay-3 SH+5}
   (You found it on level 3 of the Dungeon)

   [amulet of reflection]

   Reflect:   It reflects blocked missile attacks.
   Str+3:     It affects your strength (+3).
   Int+4:     It affects your intelligence (+4).
   Slay-3:    It affects your accuracy & damage with ranged weapons and melee
   (-3).
   rC+:       It protects you from cold.
   SH+5:      It affects your SH (+5).
 f - an amulet of the acrobat
Potions
 e - a potion of resistance
 h - 3 potions of curing
 i - a potion of magic {unknown}

Dungeon Overview and Level Annotations

Branches:
Dungeon (4/15)
 Temple: D:4-7

Altars:
Elyvilon
Kikubaaqudgha

Shops:
D:3 (


Message History

The scorpion is lightly wounded.
2775 ||| STAIRDANCE The scorpion stings you!
You climb upwards.
There is a stone staircase leading down here.
You shoot an arrow.
The arrow hits the scorpion but does no damage.
The scorpion is lightly wounded.
The scorpion closely misses you. You block the scorpion's attack.
You shoot an arrow.
The arrow hits the scorpion but does no damage.
The scorpion is lightly wounded.
The scorpion closely misses you.
You shoot an arrow.
The arrow hits the scorpion but does no damage.
The scorpion is lightly wounded.
The scorpion stings you.
You shoot an arrow. The arrow barely misses the scorpion.
The scorpion stings you but does no damage.
The scorpion closely misses you.
You shoot an arrow. The arrow hits the scorpion.
The arrow burns the scorpion.
The scorpion is moderately wounded.
You block the scorpion's attack.
You shoot an arrow. The arrow closely misses the scorpion.
The scorpion closely misses you.
You shoot an arrow.
The arrow hits the scorpion but does no damage.
The scorpion is moderately wounded.
The scorpion stings you. x2
You are lethally poisoned!
The scorpion poisons you!
You shoot an arrow. The arrow closely misses the scorpion.
You feel very sick. You block the scorpion's attack.
You shoot an arrow. The arrow barely misses the scorpion.
You feel very sick. The scorpion completely misses you.
You shoot an arrow. The arrow hits the scorpion.
The arrow burns the scorpion.
The scorpion is heavily wounded.
You die...

#.........# #.####.##'#
#.# #.##.# #.# #.##.#
#.####'##\###
#%#.)...#.~.#
##'#.....#.~.#
.........#>#.#####
.[.......#.#.'.s@#########
.........#.#.###.##......#
.........#'#.# #.##......#
....######...###'##......#
....# #####...........#
##'######## #...........#
..........# #...........#
# ###.#####.#
#........(..# ###~ ....#
#.# ###'##......# ##~~~


You could see a scorpion.

Vanquished Creatures
  An orc priest (D:3)
  5 adders
  A dart slug (D:2)
  A ribbon worm (D:2)
  4 orcs (D:3)
  6 ball pythons
  7 bats
  9 endoplasms
  5 giant cockroaches
  7 goblins
  4 hobgoblins
  6 jackals (D:2)
  A kobold (D:3)
  3 quokkas
  3 frilled lizards
  6 rats
69 creatures vanquished.

Notes
Turn   | Place    | Note
-------+----------+-------------------------------------------
     0 | D:1      | qw the Spriggan Hunter began the quest for the Orb.
     0 | D:1      | Reached XP level 1. HP: 10/10 MP: 2/2
     0 | D:1      | 0 ||| qw: Version: 0.3-a-155-g5e7d8dd
     0 | D:1      | 0 ||| qw: Game counter: 1014
     0 | D:1      | 0 ||| qw: Melee chars always use a shield: true
     0 | D:1      | 0 ||| qw: God list: Okawaru
     0 | D:1      | 0 ||| qw: Allow faded altars: false
     0 | D:1      | 0 ||| qw: Do Orc after clearing Dungeon:15 true
     0 | D:1      | 0 ||| qw: Do second Lair branch before Depths: true
     0 | D:1      | 0 ||| qw: Lair rune preference: random
     0 | D:1      | 0 ||| qw: Goals: Normal
     0 | D:1      | 0 ||| PLANNING D:1-11
    26 | D:1      | Reached skill level 3 in Dodging
    79 | D:1      | Reached XP level 2. HP: 14/14 MP: 3/3
   470 | D:1      | Reached XP level 3. HP: 18/18 MP: 4/4
   507 | D:1      | 507 ||| READING 3 scrolls labelled WAIMEM WAZILO.
   608 | D:1      | 608 ||| READING scroll labelled BASORESHREU.
   608 | D:1      | 608 ||| BRANDING +0 shortbow.
   609 | D:1      | 609 ||| READING 2 scrolls labelled PICHUZI ABUQ.
   609 | D:1      | 609 ||| IDENTIFYING ruby potion
   610 | D:1      | 610 ||| READING scroll of identify.
   610 | D:1      | 610 ||| IDENTIFYING fuming black potion
   611 | D:1      | 611 ||| DROPPING scroll of butterflies.
   612 | D:1      | 612 ||| DROPPING 2 scrolls of vulnerability.
   613 | D:1      | 613 ||| DROPPING potion of degeneration.
   981 | D:2      | Reached XP level 4. HP: 22/22 MP: 5/5
  1356 | D:2      | 1356 ||| DROPPING scarf of shadows.
  1357 | D:2      | 1357 ||| UPGRADING to +1 cloak.
  1362 | D:2      | 1362 ||| UPGRADING to amulet of the acrobat.
  1367 | D:2      | 1367 ||| READING 2 scrolls labelled XUALLE WOGO.
  1368 | D:2      | 1368 ||| READING scroll labelled AXAOG GUDUOD.
  1368 | D:2      | 1368 ||| ENCHANTING +1 cloak.
  1369 | D:2      | 1369 ||| READING scroll labelled YTOAGA IT COGI.
  1470 | D:2      | 1470 ||| READING scroll labelled FUASEHIO MUJUA.
  1471 | D:2      | 1471 ||| DROPPING scroll of immolation.
  1678 | D:3      | Identified the amulet "Vauf" {Reflect rC+ Str+3 Int+4
                  | Slay-3 SH+5}
  1697 | D:3      | Found Rofocil's Antique Weapon Boutique.
  1811 | D:3      | Found an ancient bone altar of Kikubaaqudgha.
  1974 | D:3      | Reached XP level 5. HP: 12/27 MP: 6/6
  2377 | D:3      | Found a white marble altar of Elyvilon.
  2651 | D:3      | 2651 ||| UPGRADING to amulet "Vauf" {Reflect rC+ Str+3
                  | Int+4 Slay-3 SH+5}.
  2661 | D:3      | 2661 ||| READING scroll of identify.
  2661 | D:3      | 2661 ||| IDENTIFYING cyan potion
  2662 | D:3      | 2662 ||| READING scroll labelled VAANWU CONY.
  2663 | D:3      | 2663 ||| READING scroll labelled IJILLI ZEER.
  2665 | D:3      | 2665 ||| Stepping ~*~*~tactically~*~*~ (cloud).
  2771 | D:4      | 2771 ||| PLANNING SEWER
  2775 | D:4      | 2775 ||| STAIRDANCE
  2784 | D:3      | HP: 4/27 [poisoned by a scorpion]
  2786 | D:3      | Succumbed to a scorpion's poison

Levels and vault maps discovered:
D:1:      heliophobic_arrival_enchanted_forest, layout_rooms,
          minmay_fountain_box, chequers_avenue, minmay_cupped
D:2:      layout_basic
D:3:      layout_basic, nicolae_kikubaaqudgha_miasma_corner,
          mainiacjoe_overflow_alcove_4, serial_rivers,
          chequers_serial_rivers_small_b, chequers_serial_rivers_micro_e,
          chequers_serial_rivers_small_3, chequers_serial_rivers_micro_d,
          chequers_serial_rivers_small_3, serial_shops,
          nicolae_shop_hallway_stairs, chequers_big_river
D:4:      layout_gridville, minmay_temple_entry_ruins,
          mainiacjoe_sewer_entry_somewhere_in_here_1, uniq_grinder

Skill      XL: |  1  2  3  4 |
---------------+-------------+-----
Dodging        | 3 4 5 |  5.0
Ranged Weapons | 5 |  5.1
Fighting       | 2 |  2.3
Stealth        | |  1.5

Action                     |  1- 3 |  4- 6 || total
---------------------------+-------+-------++-------
   Fire: Shortbow          |    91 |    88 ||   179
    Use: Scroll            |     4 |     7 ||    11
 Armour: Robe              |     5 |    20 ||    25
  Dodge: Dodged            |    20 |    55 ||    75
  Block: Other             |       |     3 ||     3

Table legend:
 A = Non-vault XP
 B = Vault XP
 C = Vault XP percentage of total XP
 D = Non-vault monster count
 E = Vault monster count
 F = Vault count percentage of total count
                 A         B        C        D         E       F
            +---------+---------+-------+---------+---------+-------
      Total |     215 |       8 |   3.6 |      64 |       5 |   7.2
            +---------+---------+-------+---------+---------+-------
        D:1 |      34 |       8 |  19.0 |      19 |       5 |  20.8
        D:2 |      77 |       0 |   0.0 |      22 |       0 |   0.0
        D:3 |     104 |       0 |   0.0 |      23 |       0 |   0.0
            +---------+---------+-------+---------+---------+-------
